 Dungeon Crawl Stone Soup version 0.27.1-1-g398f81649c (webtiles) character file.

Game seed: 16259517350251796215

81 ZARRMARR the Sneak (level 4, 0/28 HPs)
             Began as an Octopode Earth Elementalist on Sept 8, 2021.
             Was an Initiate of Sif Muna.
             Shot with an arrow by a centaur (13 damage)
             ... on level 3 of the Dungeon.
             The game lasted 00:10:46 (2081 turns).

ZARRMARR the Sneak (Octopode Earth Elementalist)    Turns: 2081, Time: 00:10:46

Health: 0/28       AC:  1    Str:  7    XL:     4   Next: 40%
Magic:  0/7        EV: 13    Int: 18    God:    Sif Muna [......]
Gold:   140        SH:  0    Dex: 12    Spells: 4/8 levels left

rFire    . . .     SeeInvis .   c - +4 dagger (flame)
rCold    . . .     Faith    .   (no shield)
rNeg     . . .     Spirit   +   (helmet restricted)
rPois    .         Reflect  .   j - amulet of guardian spirit
rElec    .         Harm     .   (no ring)
rCorr    .         Rampage  .   (no ring)
Will     .....                  (no ring)
Stlth    +++.......             (no ring)
HPRegen  0.09/turn              (no ring)
MPRegen  0.10/turn              (no ring)
                                (no ring)
                                (no ring)

@: no status effects
A: almost no armour, amphibious, 8 rings, camouflage 1, gelatinous body 1,
(nimble swimmer 1), tentacles
a: Renounce Religion


You were on level 3 of the Dungeon.
You worshipped Sif Muna.
Sif Muna was noncommittal.
You visited 1 branch of the dungeon, and saw 3 of its levels.

You collected 140 gold pieces.

Inventory:

Hand Weapons
 c - a +4 dagger of flaming (weapon)
 m - a +2 long sword of holy wrath
Missiles
 b - 28 stones
Jewellery
 j - an amulet of guardian spirit (around mantle)
Scrolls
 h - 2 scrolls of brand weapon
 i - a scroll of teleportation
 l - a scroll of fear
 n - a scroll of immolation {unknown}
Potions
 d - a potion of magic
 e - a potion of cancellation {unknown}
 f - a potion of curing {unknown}
 g - a potion of lignification {unknown}
 k - a potion of attraction {unknown}
 o - a potion of flight {unknown}


   Skills:
 + Level 1.5 Fighting
 + Level 2.6 Dodging
 + Level 3.7 Stealth
 + Level 2.5 Spellcasting
 - Level 1.0 Transmutations
 + Level 3.4 Earth Magic


You had 4 spell levels left.
You knew the following spells:

 Your Spells              Type           Power      Damage    Failure   Level
a - Sandblast             Erth           28%        2d8       4%          1
b - Stone Arrow           Conj/Erth      16%        3d8       26%         3

Your spell library contained the following spells:

 Spells                   Type           Power      Damage    Failure   Level
 Passwall                 Tmut/Erth      8%         N/A       11%         2
 Petrify                  Tmut/Erth      10%        N/A       56%         4
 Lee's Rapid Deconstruct  Erth           7%         3d7*      75%         5


Dungeon Overview and Level Annotations

Branches:
Dungeon (3/15)

Altars:
Sif Muna
Uskayaw

Shops:
D:1 (


Innate Abilities, Weirdness & Mutations

You cannot wear most types of armour.
You are amphibious.
You can wear up to eight rings at the same time.
Your skin changes colour to match your surroundings (Stealth+).
Your rubbery body absorbs attacks. (AC +1, EV +1)
((You are camouflaged near water. (Stealth+)))
You have tentacles for arms and can constrict up to eight enemies at once.


Message History

You can't see any susceptible monsters within range! (Use Z to cast anyway.)
The centaur shoots an arrow.
The arrow misses you.
Casting: Sandblast (safe; 4% risk of failure)
Confirm with . or Enter, or press ? or * to list all spells.
Okay, then.
Unknown command.
Casting: Sandblast (safe; 4% risk of failure)
Confirm with . or Enter, or press ? or * to list all spells.
The spell is quite dangerous to cast (26% risk of failure)!
Continue anyway?
Aiming: Stone Arrow (quite dangerous; 26% risk of failure)
Press: ? - help, Shift-Dir - straight line, f - centaur
Aim: a centaur, wielding a +0 shortbow and quivering arrows (78% to hit)
The stone arrow hits the centaur!
The centaur is heavily wounded.
The centaur shoots an arrow.
The arrow misses you.
The centaur shoots an arrow.
The arrow hits you!
A bat comes into view.
The bat moves out of view.
Casting: Stone Arrow (quite dangerous; 26% risk of failure)
Confirm with . or Enter, or press ? or * to list all spells.
Aiming: Sandblast (safe; 4% risk of failure)
Press: ? - help, Shift-Dir - straight line, f/p - centaur
Aim: a centaur, wielding a +0 shortbow and quivering arrows (heavily wounded, 87% to hit)
The blast of sand hits the centaur.
The centaur is severely wounded.
The centaur shoots an arrow.
The arrow closely misses you.
The centaur shoots an arrow.
The arrow barely misses you.
As you read the scroll of summoning, it crumbles to dust.
Wisps of shadow whirl around you...
The centaur shoots an arrow.
The arrow barely misses you.
The centaur shoots an arrow.
The arrow hits your dart slug!
Your dart slug dies!
Your dart slug's corpse dissolves into shadows!
The centaur shoots an arrow.
The arrow barely misses you.
The centaur shoots an arrow.
The arrow barely misses your adder. The arrow closely misses you.
Your adder bites the centaur.
Your giant cockroach bites the centaur.
The centaur shoots an arrow.
The arrow completely misses your adder. The arrow hits you!
You die...

# #........# #
#######........# .#
####..............# .#
.....#####........##.#####
#......####...............
...............)..........
#.####...#######..........
.........# #..........
#.#......# #@.........
#.#......# #.S..>.....
#.#......# #.Bc.......
#........# #..........
#........# #..........
#..###...# #..........
...... ##......... ...####
#......... .......


You could see a centaur (ally target), a friendly adder (summoned) and a
friendly giant cockroach (summoned).

Vanquished Creatures
  An adder (D:2)
  A gnoll (D:2)
  2 dart slugs
  An orc (D:3)
  6 bats
  An endoplasm (D:2)
  4 giant cockroaches
  7 goblins
  4 hobgoblins
  6 jackals
  7 kobolds
  A quokka (D:1)
  5 ball pythons
  5 frilled lizards
  3 rats
54 creatures vanquished.

Notes
Turn   | Place    | Note
-------+----------+-------------------------------------------
     0 | D:1      | ZARRMARR the Octopode Earth Elementalist began the quest
                  | for the Orb.
     0 | D:1      | Reached XP level 1. HP: 11/11 MP: 3/3
   156 | D:1      | Reached XP level 2. HP: 18/18 MP: 3/5
   542 | D:1      | Reached XP level 3. HP: 18/22 MP: 6/6
   593 | D:1      | Found Kul Boox's Antique Weapon Emporium.
   890 | D:2      | Reached skill level 1 in Fighting
  1072 | D:2      | Learned a level 3 spell: Stone Arrow
  1467 | D:2      | Reached XP level 4. HP: 28/28 MP: 7/7
  1651 | D:2      | Found a faded altar of an unknown god.
  1792 | D:3      | Found a hide-covered altar of Uskayaw.
  1817 | D:3      | Found a shimmering blue altar of Sif Muna.
  1825 | D:3      | Became a worshipper of Sif Muna the Loreminder
  2072 | D:3      | Noticed a centaur
  2081 | D:3      | Shot with an arrow by a centaur

Illustrated notes

Levels and vault maps discovered:
D:1:      wander_arrival_peaceful_grave, layout_loops_ring, serial_shops,
          nicolae_shop_crystal, minmay_quantized
D:2:      layout_rooms, hellmonk_ecumenical_altar_inner_sanctum, st_stairs_3,
          cheibrodos_gnoll_hut
D:3:      layout_basic, mainiacjoe_overflow_large_starburst

Skill      XL: |  1  2  3 |
---------------+----------+-----
Stealth        | 3 |  3.7
Fighting       | 1 |  1.5
Dodging        | |  2.6
Spellcasting   | |  2.5
Transmutations | |  1.0
Earth Magic    | |  3.4

Action                   |  1- 3 |  4- 6 || total
-------------------------+-------+-------++-------
Melee: Unarmed           |     4 |       ||     4
       Tentacles         |     5 |       ||     5
       Constrict         |     4 |       ||     4
       Dagger            |    26 |     6 ||    32
 Cast: Sandblast         |    40 |    11 ||    51
       Stone Arrow       |       |     1 ||     1
  Use: Scroll            |     4 |     3 ||     7
 Stab: Sleeping          |     7 |     5 ||    12
Armor: Skin              |     2 |     1 ||     3
Dodge: Dodged            |    19 |    12 ||    31
